 Dungeon Crawl Stone Soup version 0.31-a0-986-g5e6e4ef867 (webtiles) character file.

Game seed: 3306504209738524466

321 gelatine the Shooter (level 6, -4/47 HPs)
             Began as a Demonspawn Hunter on Nov 11, 2023.
             Killed from afar by a white imp (11 damage)
             ... with a puff of frost
             ... summoned by Eustachio
             ... on level 5 of the Dungeon.
             The game lasted 00:09:45 (3593 turns).

gelatine the Shooter (Demonspawn Hunter)            Turns: 3593, Time: 00:09:47

Health: -4/47      AC:  7    Str: 11      XL:     6   Next: 22%
Magic:  6/6        EV: 12    Int: 10      God:
Gold:   87         SH:  4    Dex: 18 (19) Spells: 5/5 levels left

rFire   . . .        a - +0 shortbow
rCold   . . .        (shield currently unavailable)
rNeg    . . .        c - +0 leather armour
rPois   .            e - +0 helmet
rElec   .            n - +0 cloak
rCorr   .            (no gloves)
SInv    .            (no boots)
Will    .....        (no amulet)
Stlth   ++           (no ring)
HPRegen 0.27/turn    (no ring)
MPRegen 0.20/turn

%: no passive effects
@: about to teleport
A: thin metallic scales 1, magic regeneration, condensation shield
a: no special abilities


You were on level 5 of the Dungeon.
You visited 2 branches of the dungeon, and saw 6 of its levels.

You collected 177 gold pieces.
You spent 90 gold pieces at shops.

Inventory:

Hand Weapons
 a - a +0 shortbow (weapon)
 u - a +0 sling
Armour
 c - a +0 leather armour (worn)
 e - a +0 helmet (worn)
 f - a scarf of shadows
 n - a +0 cloak (worn)
 r - a +0 buckler
Magical Staves
 k - a staff of air
Talismans
 h - a dragon-blood talisman
Scrolls
 b - a scroll of butterflies
 d - a scroll of enchant weapon {unknown}
 m - a scroll of enchant armour {unknown}
 o - a scroll of revelation {unknown}
 t - a scroll of brand weapon {unknown}
Potions
 g - a potion of heal wounds
 i - a potion of ambrosia {unknown}
 j - 4 potions of curing
 p - a potion of lignification {unknown}
 q - a potion of magic {unknown}
 s - a potion of mutation {unknown}


   Skills:
 + Level 3.0 Fighting
 + Level 5.9 Ranged Weapons
 + Level 1.6 Armour
 + Level 2.0 Dodging
 + Level 1.1 Stealth
 + Level 1.0 Shields


You had 5 spell levels left.
You didn't know any spells.
Your spell library contained the following spells:

 Spells                   Type           Power      Damage    Failure   Level
 Apportation              Tloc           0%         N/A       45%         1
 Jinxbite                 Hex            0%         N/A       58%         2
 Tukima's Dance           Hex            0%         N/A       83%         3
 Dimensional Bullseye     Hex/Tloc       0%         N/A       99%         4
 Iskenderun's Mystic Bla  Conj/Tloc      0%         2d3       99%         4
 Alistair's Intoxication  Tmut/Pois      0%         N/A       100%        5
 Iskenderun's Battlesphe  Conj           0%         2d6       100%        5
 Bombard                  Conj/Erth      0%         9d1       100%        6
 Spellforged Servitor     Conj/Summ      0%         N/A       100%        7


Dungeon Overview and Level Annotations

Branches:
Dungeon (5/15)             Temple (1/1) D:4

Altars:
Cheibriados
Dithmenos
Fedhas
Gozag
Hepliaklqana
Kikubaaqudgha
Makhleb
Nemelex Xobeh
Qazlal
Sif Muna
Trog
Vehumet
Wu Jian
Xom

Shops:
D:2 *   D:3 !   D:4 =

Annotations:
D:5 Eustachio


Innate Abilities, Weirdness & Mutations

You are partially covered in thin metallic scales. (AC +2)
You regenerate magic rapidly.
A meltable shield of frost defends you. (SH +4)


Message History

The quasit claws you but does no damage.
The river rat barely misses you.
The rat bites the plant.
The plant begins to die.
You block the river rat's attack.
You shoot an arrow. The arrow hits Eustachio!
Eustachio is severely wounded.
The quasit disappears in a puff of smoke!
The ufetubus hits you but does no damage.
The ufetubus closely misses you. Eustachio completely misses you.
The ufetubus hits you but does no damage.
You block the ufetubus's attack. The river rat bites you.
You block the river rat's attack.
You shoot an arrow. The arrow closely misses Eustachio.
The arrow hits the white imp but does no damage.
The ufetubus hits you. The ufetubus barely misses you.
Eustachio casts a spell.
Eustachio blinks!
You block the river rat's attack. The ufetubus misses you.
You block the ufetubus's attack.
The river rat twitches its whiskers.
The river rat closely misses you.
As you read the scroll of teleportation, it crumbles to dust.
You feel strangely unstable.
A nearby plant withers and dies.
The ufetubus hits you. The ufetubus closely misses you. The ufetubus hits you.
* * * LOW HITPOINT WARNING * * *
The ufetubus hits you but does no damage.
The river rat closely misses you. The rat barely misses you.
The river rat bites you.
* * * LOW HITPOINT WARNING * * *
You feel better.
The ufetubus disappears in a puff of smoke!
The river rat barely misses you. The river rat bites you.
* * * LOW HITPOINT WARNING * * *
The rat closely misses you.
The river rat bites you but does no damage.
You shoot an arrow. The arrow completely misses the rat.
The river rat bites you.
* * * LOW HITPOINT WARNING * * *
The river rat barely misses you. The rat bites you but does no damage.
The white imp gestures at you. The puff of frost hits you!
You die...

.....## .# ....=##.###
#.......... ####....#..##
#...........#
#..@..$.....# #####
#5._.P..##..# ##...##
#5r..P..# ##.....##
##@r.....# ##..<....##
#§rr.....#
#.....)...###.#.......#
#.....)..[...##..###### .
#.........#.###..#######..
##.......###.##...[.......
##.....## ##.#...........
........ ##.##...#####
#.###.##.# #####.##


You could see Eustachio, 3 river rats, a white imp (summoned), an ufetubus
(summoned) and a rat (summoned).

Vanquished Creatures
  A phantom (D:4)
  A howler monkey (D:4)
  A hound (D:4)
  An orc priest (D:4)
  An orc wizard (D:5)
  A gnoll (D:1)
  3 adders
  2 ufetubi (D:4)
  3 worms
  6 orcs
  5 bats
  6 endoplasms
  6 giant cockroaches
  5 goblins
  4 hobgoblins
  3 jackals (D:1)
  6 kobolds
  2 quokkas
  5 ball pythons
  3 frilled lizards
  A rat (D:1)
66 creatures vanquished.

Notes
Turn   | Place    | Note
-------+----------+-------------------------------------------
     0 | D:1      | gelatine the Demonspawn Hunter began the quest for the Orb.
     0 | D:1      | Reached XP level 1. HP: 16/16 MP: 1/1
    42 | D:1      | Reached skill level 4 in Ranged Weapons
    42 | D:1      | Gained mutation: A meltable shield of frost defends you.
                  | (SH +4) [demonic ancestry]
    42 | D:1      | Reached XP level 2. HP: 22/22 MP: 2/2
   100 | D:1      | You fall into a shaft and drop 1 floor!
   136 | D:2      | Found Ybbeamaini's General Store.
   146 | D:2      | Bought a scroll of identify for 24 gold pieces
   474 | D:1      | Reached XP level 3. HP: 27/27 MP: 3/3
  1171 | D:3      | Found Igogoemi's Distillery.
  1179 | D:3      | Bought a potion of curing for 33 gold pieces
  1179 | D:3      | Bought a potion of curing for 33 gold pieces
  1206 | D:3      | Reached skill level 1 in Stealth
  1209 | D:3      | Reached XP level 4. HP: 28/34 MP: 4/4
  1426 | D:3      | Found a bloodstained altar of Trog.
  1620 | D:4      | Noticed an orc warrior
  1739 | D:4      | Reached skill level 5 in Ranged Weapons
  1815 | D:4      | Found Heac's Jewellery Shoppe.
  1840 | D:4      | Reached skill level 1 in Armour
  1881 | D:4      | Gained mutation: You are partially covered in thin metallic
                  | scales. (AC +2) [demonic ancestry]
  1881 | D:4      | Reached XP level 5. HP: 37/39 MP: 5/5
  1978 | D:4      | Noticed a phantom
  2006 | D:4      | Killed a phantom
  2260 | D:4      | Found a staircase to the Ecumenical Temple.
  2269 | Temple   | Entered the Ecumenical Temple
  2850 | D:4      | Gained mutation: You regenerate magic rapidly. [demonic
                  | ancestry]
  2850 | D:4      | Reached XP level 6. HP: 4/46 MP: 6/6
  3226 | D:5      | Entered Level 5 of the Dungeon
  3380 | D:5      | Reached skill level 1 in Shields
  3545 | D:5      | Found a shimmering altar of Xom.
  3565 | D:5      | Noticed Eustachio
  3593 | D:5      | Killed from afar by a white imp

Illustrated notes

Levels and vault maps discovered:
D:1:      scummos_arrival_star, layout_rooms, serial_forest,
          infiniplex_forest_lined_room_, infiniplex_forest_straight_1,
          infiniplex_forest_straight_3, infiniplex_forest_lined_3,
          infiniplex_forest_zigzag_2, infiniplex_forest_3_way,
          infiniplex_forest_lined_3, infiniplex_forest_clump_double,
          infiniplex_forest_side_room, infiniplex_forest_clump_C
D:2:      layout_loops_ring, serial_shops, shop, serial_bayou_pond_c
D:3:      layout_rooms, amcnicky_altar_gilded, serial_shops, shop
D:4:      kennysheep_spiral_hall, layout_basic,
          minmay_temple_entry_statues_fountains,
          minmay_shop_enchanted_jewellery,
          nicolae_concentric_dashed_squares_mild, nicolae_elevator_lobby_plus
D:5:      layout_loops_corners, mainiacjoe_overflow_chevrons, uniq_eustachio
Temple:   hellmonk_temple_forest_ring

Skill      XL: |  1  2  3  4  5  6 |
---------------+-------------------+-----
Ranged Weapons | 4 5 |  5.9
Stealth        | 1 |  1.1
Armour         | 1 |  1.6
Dodging        | 2 |  2.0
Fighting       | 3 |  3.0
Shields        | 1 |  1.0

Action                     |  1- 3 |  4- 6 || total
---------------------------+-------+-------++-------
   Fire: Shortbow          |   116 |   167 ||   283
    Use: Scroll            |     1 |     3 ||     4
         Potion            |       |     2 ||     2
 Armour: Leather armour    |    31 |    98 ||   129
  Dodge: Dodged            |    33 |    85 ||   118
  Block: Other             |    11 |    26 ||    37

Table legend: (Time is in decaauts)
 A = Elapsed time spent in this place.
 B = Non-inter-level travel time spent in this place.
 C = Inter-level travel time spent in this place.
 D = Time resting spent in this place.
 E = Time spent auto-exploring this place.
 F = Levels seen in this place.
 G = Mean time per level.
                   A        B        C        D        E       F      G
               +--------+--------+--------+--------+--------+-----+--------+
         Total |   3654 |   3244 |    410 |      0 |   2602 |   6 |  609.0 |
       Dungeon |   3621 |   3241 |    380 |      0 |   2602 |   5 |  724.2 |
        Temple |     32 |      2 |     30 |      0 |      0 |   1 |   32.0 |
               +--------+--------+--------+--------+--------+-----+--------+

Top non-repeatable levels by time:
     D:4: 1467 daAuts
     D:2: 829 daAuts
     D:3: 579 daAuts
     D:1: 517 daAuts
     D:5: 227 daAuts
  Temple: 32 daAuts
